 Dungeon Crawl Stone Soup version 0.23-a0-819-g6debee6 (webtiles) character file.

184 MalarOregon the Magician (level 5, -2/38 HPs)
             Began as a Merfolk Wizard on Jan 22, 2019.
             Killed by divine providence
             ... invoked by an orc priest
              (12 damage)
             ... on level 5 of the Dungeon.
             The game lasted 00:17:34 (5320 turns).

MalarOregon the Magician (Merfolk Wizard)           Turns: 5320, Time: 00:17:36

Health: -2/38      AC:  3    Str:  8    XL:     5   Next: 64%
Magic:  6/11       EV: 13    Int: 20    God:
Gold:   297        SH:  0    Dex: 12    Spells: 3/12 levels left

rFire    . . .     SeeInvis .   b - staff of air
rCold    . . .     Gourm    .   (no shield)
rNeg     . . .     Faith    .   y - +0 robe
rPois    .         Spirit   .   D - +0 hat
rElec    +         Reflect  .   f - +0 cloak
rCorr    .         Harm     .   (no gloves)
MR       .....     Rnd*Tele +   (no boots)
Stlth    ++........             (no amulet)
HPRegen  0.12/turn              g - ring of teleportation
MPRegen  0.12/turn              x - +2 ring of intelligence

@: lethally poisoned (-2 -> -5)
A: change form in water, swift swim, stealthy swim
a: no special abilities


You were on level 5 of the Dungeon.
You were not hungry.

You visited 1 branch of the dungeon, and saw 5 of its levels.

You collected 297 gold pieces.

Inventory:

Missiles
 d - 7 tomahawks (quivered)
 p - 2 throwing nets {!f}
Armour
 f - a +0 cloak (worn)
   (You found it on level 3 of the Dungeon)
 l - a +0 shield
   (You found it on level 3 of the Dungeon)
 s - a scarf of repulsion
   (You found it on level 2 of the Dungeon)
 y - a +0 robe (worn)
 D - a +0 hat (worn)
Magical Staves
 a - an uncursed staff of wizardry {!a}
   (You found it on level 4 of the Dungeon)
 b - an uncursed staff of air (weapon)
   (You found it on level 3 of the Dungeon)
Jewellery
 g - a ring of teleportation (left hand)
   (You found it on level 1 of the Dungeon)
 n - an uncursed ring of flight
   (You found it on level 1 of the Dungeon)
 t - a +2 ring of strength
   (You found it on level 2 of the Dungeon)
 x - a +2 ring of intelligence (right hand)
   (You found it on level 3 of the Dungeon)
 B - an uncursed ring of resist corrosion {unknown}
   (You found it on level 3 of the Dungeon)
Wands
 v - a wand of digging (3)
   (You found it on level 2 of the Dungeon)
Scrolls
 c - a scroll of teleportation {unknown}
 h - 2 scrolls of enchant weapon {unknown}
 i - 3 scrolls of immolation {unknown}
 j - 3 scrolls of identify {unknown}
 k - a scroll of magic mapping {unknown}
 m - 2 scrolls of remove curse {@r2}
 u - a scroll of random uselessness {unknown}
 w - a scroll of fog {unknown}
 z - a scroll of amnesia {unknown}
Potions
 q - a potion of brilliance
 r - a potion of heal wounds {unknown}
 A - a potion of haste {unknown}
Comestibles
 e - 14 rations {!d}


   Skills:
 + Level 1.9 Fighting
 + Level 3.5 Dodging
 - Level 2.1 Stealth
 + Level 1.0 Shields
 * Level 4.0 Spellcasting
 + Level 1.6 Conjurations
 + Level 0.1 Hexes
 + Level 1.6 Summonings
 + Level 1.0 Translocations
 + Level 0.4 Air Magic
 + Level 0.4 Poison Magic
 + Level 0.8 Evocations


You had 3 spell levels left.
You knew the following spells:

 Your Spells              Type           Power        Failure   Level  Hunger
a - Magic Dart            Conj           ##..         6%          1    None
b - Blink                 Tloc           N/A          13%         2    #......
c - Corona                Hex            #......      12%         1    None
f - Mephitic Cloud        Conj/Pois/Air  ##......     26%         3    ###....
x - Call Imp              Summ           ##......     10%         2    #......

Your spell library contained the following spells:

 Spells                   Type           Power        Failure   Level  Hunger
 Ensorcelled Hibernation  Hex/Ice        #.....       19%         2    #......
 Slow                     Hex            #.......     19%         2    #......
 Conjure Flame            Conj/Fire      #.......     26%         3    ###....
 Dazzling Spray           Conj/Hex       #.....       26%         3    ###....
 Confuse                  Hex            #.......     36%         3    ###....
 Tukima's Dance           Hex            #.......     36%         3    ###....


Dungeon Overview and Level Annotations

Branches:
Dungeon (5/15)
 Temple: D:4-7

Altars:
Hepliaklqana
Uskayaw
Vehumet
Yredelemnul
Zin
The Shining One

Portals:
Sewer: D:5


Message History

Found a glowing drain.
The giant cockroach waves its antennae.
The adder hisses angrily. x3
Found 24 stones.
An orc and a shadow imp come into view.
The shadow imp shouts, "Turn tail, thou baffled spleeny mule!"
Your crimson imp disappears in a puff of smoke!
A frilled lizard comes into view.
The orc shouts!
You hear a shout!
An orc wizard comes into view. It is wielding a +0 dagger.
You hear a shout!
An adder comes into view.
Found a runed shortbow.
The adder hisses angrily.
The adder barely misses you. The adder bites you.
* * * LOW HITPOINT WARNING * * *
Okay, then.
Okay, then.
You hear the slow rusting of a drain nearby.
The adder bites you.
* * * LOW HITPOINT WARNING * * *
You feel better. The adder misses you.
The shadow imp shouts, "Beg for mercy, thou pecksniffian kobold-kissing pimple!"
The adder misses you.
You see here a tomahawk.
The adder barely misses you.
There is a stone staircase leading up here.
Something unseen opens the door.
The adder bites you.
* * * LOW HITPOINT WARNING * * *
You are poisoned.
The adder poisons you!
You feel sick.
You feel better. The adder bites you.
* * * LOW HITPOINT WARNING * * *
The adder barely misses you.
The orc wizard shouts!
An orc priest comes into view. It is wielding a +0 war axe.
The adder bites you.
* * * LOW HITPOINT WARNING * * *
You are poisoned.
The adder poisons you!
You feel sick.
The orc wizard points at you and mumbles some strange words.
The puff of frost hits you.
* * * LOW HITPOINT WARNING * * *
The orc priest invokes the aid of Beogh against you.
Beogh smites you!
You die...

#.......≈.≈.≈o.
#.......o≈.≈.#
#............#
####...##......#.
#....).##...o....
##.....#....#####
#.....#....#S≈≈≈
#..>..'....#sS∩≈
#.?...#o@..#SS≈≈
#.....#.S..#####
####..(.##l.......
#.......##.....##.
##....<.#Y5....#
#.....5#......#.
#.....l#.........
#......#........#
#................


You could see an ice beast, an orc priest, an orc wizard, 5 adders, a shadow
imp, an orc, a giant cockroach and a frilled lizard.

Vanquished Creatures
  An orc wizard (D:4)
  A howler monkey skeleton (D:4)
  A dart slug (D:1)
  3 leopard geckos
  5 orcs
  5 bats
  5 giant cockroaches
  3 hobgoblins
  A jackal (D:1)
  2 quokkas (D:2)
  4 frilled lizards
  4 goblins
  7 kobolds
  6 rats
48 creatures vanquished.

Vanquished Creatures (collateral kills)
  A scorpion (D:4)
  An orc wizard (D:4)
  A centaur skeleton (D:4)
  3 adders
  An ooze (D:1)
  2 worms (D:3)
  4 orcs
  A goblin (D:2)
  A hobgoblin (D:3)
  A jackal (D:1)
16 creatures vanquished.

Vanquished Creatures (others)
  A howler monkey skeleton (D:4)
1 creature vanquished.

Grand Total: 65 creatures vanquished

Notes
Turn   | Place    | Note
-------+----------+-------------------------------------------
     0 | D:1      | MalarOregon the Merfolk Wizard began the quest for the Orb.
     0 | D:1      | Reached XP level 1. HP: 13/13 MP: 4/4
   284 | D:1      | Reached skill level 1 in Conjurations
   284 | D:1      | Reached XP level 2. HP: 17/20 MP: 0/6
   435 | D:1      | Learned a level 2 spell: Call Imp
  1082 | D:2      | Reached XP level 3. HP: 25/25 MP: 3/7
  1101 | D:2      | Reached skill level 1 in Fighting
  1243 | D:2      | Found a glowing silver altar of Zin.
  2424 | D:3      | Learned a level 2 spell: Blink
  2428 | D:3      | Learned a level 3 spell: Mephitic Cloud
  2834 | D:3      | Found a radiant altar of Vehumet.
  2853 | D:3      | Found a hide-covered altar of Uskayaw.
  2929 | D:3      | Reached XP level 4. HP: 17/32 MP: 1/9
  4231 | D:4      | Reached XP level 5. HP: 8/38 MP: 1/10
  4524 | D:4      | Found a glowing golden altar of the Shining One.
  4532 | D:4      | Found a basalt altar of Yredelemnul.
  4538 | D:4      | Noticed an angel
  5171 | D:4      | Learned a level 1 spell: Corona
  5201 | D:4      | Reached skill level 1 in Shields
  5201 | D:4      | Reached skill level 4 in Spellcasting
  5201 | D:4      | Reached skill level 1 in Translocations
  5203 | D:4      | Found a hazy altar of Hepliaklqana.
  5252 | D:5      | Entered Level 5 of the Dungeon
  5252 | D:5      | Noticed an ice beast
  5283 | D:5      | Found a glowing drain.
  5320 | D:5      | Killed from afar by an orc priest

Vault maps used:
D:1:      eino_arrival_cavern_d
D:2:      zin_treasury
D:3:      nicolae_overflow_crystal_walls, vehumet_crystals, first_ration
D:4:      grunt_temple_overflow_holy_war, marbit_many_paths
D:5:      elyvilon_altar_4, nicolae_ru_path_of_blood,
          makhleb_blood_cavern_becter, minmay_temple_entry_tees,
          biasface_ghost_orc_armoury, gup_sewer_entry_glass,
          uniq_crazy_yiuf_cottage

Skill      XL: |  1  2  3  4  5 |
---------------+----------------+-----
Conjurations   | 1 |  1.6
Dodging        | 3 |  3.5
Fighting       | 1 |  1.9
Shields        | 1 |  1.0
Spellcasting   | 4 |  4.0
Translocations | 1 |  1.0
Stealth        | |  2.1
Hexes          | |  0.1
Summonings     | |  1.6
Air Magic      | |  0.4
Poison Magic   | |  0.4
Evocations     | |  0.8

Action                   |  1- 3 |  4- 6 || total
-------------------------+-------+-------++-------
Melee: Dagger            |    16 |       ||    16
       Staff             |     5 |    60 ||    65
Throw: Tomahawk          |       |     2 ||     2
 Cast: Magic Dart        |    92 |    40 ||   132
       Call Imp          |    10 |    15 ||    25
       Mephitic Cloud    |       |     1 ||     1
Evoke: Wand              |     1 |       ||     1
  Use: Potion            |       |     9 ||     9
       Scroll            |       |     1 ||     1
 Stab: Sleeping          |     2 |       ||     2
       Distracted        |     1 |     1 ||     2
  Eat: Chunk             |     6 |     8 ||    14
Armor: Robe              |     2 |    12 ||    14
       Skin              |       |    20 ||    20
Dodge: Dodged            |    34 |    47 ||    81
       Deflected         |     3 |       ||     3

Table legend:
 A = Non-vault XP
 B = Vault XP
 C = Vault XP percentage of total XP
 D = Non-vault monster count
 E = Vault monster count
 F = Vault count percentage of total count
                 A         B        C        D         E       F
            +---------+---------+-------+---------+---------+-------
      Total |     257 |       7 |   2.7 |      63 |       1 |   1.6
            +---------+---------+-------+---------+---------+-------
        D:1 |      31 |       0 |   0.0 |      18 |       0 |   0.0
        D:2 |      30 |       0 |   0.0 |      14 |       0 |   0.0
        D:3 |      41 |       0 |   0.0 |      16 |       0 |   0.0
        D:4 |     155 |       7 |   4.3 |      15 |       1 |   6.2
            +---------+---------+-------+---------+---------+-------
